[Event "Croatian 1A League 2022"]
[Site "Porec"]
[Date "2022.09.30"]
[Round "7.1"]
[White "Kadric, Denis"]
[Black "Saric, Ivan"]
[Result "1/2-1/2"]
[ECO "B97"]
[WhiteElo "2561"]
[BlackElo "2668"]
[Annotator "TA"]
[PlyCount "39"]
[EventDate "2022.09.24"]
[EventType "team-tourn"]
[EventCountry "CRO"]
[SourceTitle "playchess.com"]
[Source "ChessBase"]
[SourceQuality "1"]
[TimeControl "40/5400+30:1800+30"]

1. e4 c5 2. Nf3 d6 3. d4 cxd4 4. Nxd4 Nf6 5. Nc3 a6 6. Bg5 e6 7. f4 Qb6 8. Qd2 Qxb2 9. Rb1 Qa3 10. f5 Nc6 11. fxe6 fxe6 12. Nxc6 bxc6 13. Be2 Be7 14. O-O O-O 15. Rb3 Qc5+ 16. Be3 Qe5 {[%emt 0:00:16] [#]} 17. Bf4 $146 ({Predecessor:} 17. Bd4 Qa5 18. Bb6 Qe5 19. Bd4 Qa5 20. Bb6 Qe5 21. Bd4 {½-½ (21) Chigaev,M (2639)-Alekseenko,K (2710) Ufa 2021}) 17... Qc5+ 18. Be3 Qe5 19. Bf4 {[%emt 0:00:02] B97: Sicilian Najdorf: Poisoned Pawn.} Qc5+ 20. Be3 {[%emt 0:00:01] An even fight not without its subleties.} 1/2-1/2

[Event "Croatian 1A League 2022"]
[Site "Porec"]
[Date "2022.09.30"]
[Round "7.2"]
[White "Banusz, Tamas"]
[Black "Saric, Ibro"]
[Result "1/2-1/2"]
[ECO "D78"]
[WhiteElo "2622"]
[BlackElo "2542"]
[Annotator "TA"]
[PlyCount "101"]
[EventDate "2022.09.24"]
[EventType "team-tourn"]
[EventCountry "CRO"]
[SourceTitle "playchess.com"]
[Source "ChessBase"]
[SourceQuality "1"]
[TimeControl "40/5400+30:1800+30"]

1. Nf3 Nf6 2. g3 d5 3. Bg2 c6 4. O-O g6 5. b3 Bg7 6. Bb2 O-O 7. c4 Bg4 8. d4 Bxf3 {[%emt 0:06:54] D78: Fianchetto Grünfeld: 6 0-0 c6.} 9. Bxf3 e6 {[%emt 0:00:54] 9...Nbd7 is vanishing.} 10. Qc2 Nbd7 {[%emt 0:03:07] White is slightly better.} 11. e3 Re8 {[%emt 0:00:53] [#]} 12. Rd1 $146 ({Predecessor:} 12. Nd2 Rc8 13. Rfc1 h5 14. e4 dxe4 15. Nxe4 Nxe4 16. Bxe4 Nf6 17. Bf3 Re7 18. Re1 {0-1 (72) Schneider,A (2064)-Jeske,E (2193) Niederhausen 2016}) 12... Rc8 13. Nc3 a6 14. Bg2 Qe7 15. Rac1 Rcd8 16. Nb1 Qd6 17. Nd2 Qb8 18. a4 Bf8 19. Bc3 b5 20. axb5 axb5 21. Ra1 Qb7 22. Ra2 (22. e4 $16) 22... Ra8 $14 23. Rda1 b4 24. Bb2 Rxa2 25. Rxa2 Ra8 26. Qb1 Ne8 27. Qa1 Rxa2 28. Qxa2 Nc7 29. e4 Bh6 $1 30. f4 g5 31. fxg5 Bxg5 32. Nf1 dxc4 33. bxc4 e5 34. Bh3 Ne6 35. Bxe6 (35. d5 $1 $11 Nd4 36. Bxd7 Qxd7 37. Qa8+ Qd8 38. Qxd8+ Bxd8 39. c5) 35... fxe6 $15 36. Qa5 (36. d5 $15) 36... Kf7 37. Kg2 Qb6 38. Qa8 exd4 39. Qh8 {[%emt 0:00:43][%csl LRd4,LRh7] [#]} Bf6 $1 ({But not} 39... Nf6 40. e5 Ng8 41. Qxh7+ (41. h4 Bh6 $11) 41... Kf8 42. Qd3 $16 (42. Qg6 Bd8 $14)) 40. Qxh7+ Ke8 41. Qg8+ $2 (41. e5 $17 Bxe5 42. Bc1) 41... Ke7 $19 42. Qh7+ Kd8 {[%emt 0:03:46] ...Qa5 is the strong threat.} 43. Qg8+ Kc7 44. Qxe6 {[%emt 0:00:04] [#]} Qa6 $2 ({Not} 44... c5 45. Qd5) ({Better is} 44... b3 $1 $19 {Hoping for ...Qa6.} 45. Qf5 Qb4 46. Qf4+ Be5) 45. Bc1 {[%emt 0:01:52] The position is equal.} Qa2+ 46. Kg1 {[%emt 0:03:16] Black must now prevent Bf4+.} Be5 {[%emt 0:01:27] Strongly threatening ...b3.} 47. Bf4 Bxf4 48. gxf4 {[%emt 0:00:01] And now e5 would win.} d3 49. e5 {[%emt 0:01:34] aiming for Qd6+.} Qa7+ 50. Kg2 $1 {[%emt 0:00:59] Threatens to win with Qd6+. The board is on fire.} Qd4 {[%emt 0:00:07] Inhibits Qd6+.} 51. Kf3 {[%emt 0:02:20] Weighted Error Value: White=0.13 (very precise) /Black=0.15 (very precise)} 1/2-1/2

[Event "Croatian 1A League 2022"]
[Site "Porec"]
[Date "2022.09.30"]
[Round "7.3"]
[White "Saric, Ante"]
[Black "Balogh, Csaba"]
[Result "1/2-1/2"]
[ECO "D23"]
[WhiteElo "2510"]
[BlackElo "2583"]
[Annotator "TA"]
[PlyCount "36"]
[EventDate "2022.09.24"]
[EventType "team-tourn"]
[EventCountry "CRO"]
[SourceTitle "playchess.com"]
[Source "ChessBase"]
[SourceQuality "1"]
[TimeControl "40/5400+30:1800+30"]

1. d4 d5 2. Nf3 Nf6 3. c4 c6 4. Qb3 dxc4 5. Qxc4 Bf5 6. g3 e6 7. Bg2 Be7 {[%emt 0:00:19] The position is equal.} 8. O-O {[%emt 0:00:26] D23: Queen's Gambit Accepted: 3 Nf3 Nf6 sidelines.} O-O 9. e3 Nbd7 10. Rd1 Qc7 {[%emt 0:02:12] was the old line (10...Rc8).} 11. Nc3 Ne4 12. Nd2 {[%emt 0:05:14] [#] An interesting draw.  Weighted Error Value: White=0.04 (flawless) /Black=0.07 (flawless) was the old line (12.Qe2).} {Predecessor:} Nxc3 $146 13. Qxc3 Bg6 14. Nc4 Nf6 15. Ne5 Bh5 16. f3 c5 17. g4 Bg6 18. e4 Rac8 {½-½ (61) Lenderman,A (2627)-McShane,L (2687) London 2015} 1/2-1/2

[Event "Croatian 1A League 2022"]
[Site "Porec"]
[Date "2022.09.30"]
[Round "7.4"]
[White "Kuljasevic, Davorin"]
[Black "Plenca, Julijan"]
[Result "1/2-1/2"]
[ECO "D45"]
[WhiteElo "2560"]
[BlackElo "2447"]
[Annotator "TA"]
[PlyCount "52"]
[EventDate "2022.09.24"]
[EventType "team-tourn"]
[EventCountry "CRO"]
[SourceTitle "playchess.com"]
[Source "ChessBase"]
[SourceQuality "1"]
[TimeControl "40/5400+30:1800+30"]

1. d4 d5 2. Nf3 Nf6 3. c4 e6 4. Nc3 c6 5. e3 Nbd7 6. Qc2 Bd6 7. b3 O-O 8. Be2 b6 9. O-O Bb7 10. Bb2 Qe7 11. Rad1 Rad8 12. Rfe1 Rfe8 {[%emt 0:02:50] The position is equal.} 13. Bf1 {[%emt 0:05:52] D45: Semi-Slav: 5 e3.} e5 14. dxe5 Nxe5 15. Nd4 {[%emt 0:01:01] Nowadays more popular than 15.Nxe5.} dxc4 16. Nf5 Qe6 {[%emt 0:00:14][%cal Oe5d3] [#] And now ...Nd3! would win.} 17. Nxd6 Rxd6 18. Rxd6 Qxd6 19. Rd1 {[%emt 0:14:55] [#] An interesting draw.  Weighted Error Value: White=0.00 (flawless) /Black=0.02 (flawless)} {Predecessor:} cxb3 $146 20. axb3 Qe7 21. Ne4 Nd5 22. Ng3 Bc8 23. e4 Nf4 24. Qc3 Qg5 25. Bc1 h5 26. Ne2 Qxg2+ {0-1 (26) Smirnov,A (2600)-Duda,J (2750) Chennai 2022} 1/2-1/2

[Event "Croatian 1A League 2022"]
[Site "Porec"]
[Date "2022.09.30"]
[Round "7.5"]
[White "Plenca, Jadranko"]
[Black "Jovanic, Ognjen"]
[Result "1/2-1/2"]
[ECO "C66"]
[WhiteElo "2412"]
[BlackElo "2507"]
[Annotator "TA"]
[PlyCount "129"]
[EventDate "2022.09.24"]
[EventType "team-tourn"]
[EventCountry "CRO"]
[SourceTitle "playchess.com"]
[Source "ChessBase"]
[SourceQuality "1"]
[TimeControl "40/5400+30:1800+30"]

1. e4 e5 2. Nf3 Nc6 3. Bb5 Nf6 4. d3 d6 5. c3 g6 6. O-O Bg7 7. Re1 O-O 8. Nbd2 Bd7 9. d4 {[%emt 0:08:58] [#] C66: Ruy Lopez: Steinitz Defence.} ({Better is} 9. Ba4 $14) 9... Nxd4 $1 $15 10. cxd4 Bxb5 11. Qb3 {[%emt 0:06:27] Black is slightly better.} Qe8 12. a4 Ba6 13. dxe5 dxe5 14. Qc3 c6 15. b4 {[%emt 0:04:21] [#]} Nh5 $146 ({Predecessor:} 15... Qe6 16. Rb1 b6 17. Qxe5 Qxe5 18. Nxe5 Rfe8 19. Bb2 Nh5 20. Ndf3 Nf4 21. Re3 c5 22. bxc5 bxc5 {0-1 (28) Mosadeghpour,M (2518)-Ponkratov,P (2605) Amol 2018}) 16. Nb3 b6 $1 {[%emt 0:03:33] Against Nc5} 17. Be3 Qe6 18. a5 Bb5 19. axb6 axb6 20. Bxb6 (20. Rxa8 $142 Rxa8 21. Nbd2) 20... Nf4 $1 $17 {[%emt 0:00:19] And now ...Qg4 would win.} 21. Rxa8 Rxa8 22. Nc1 Qg4 {[%emt 0:07:51][%csl Gf4][%cal Rg4g2] Against h3} 23. g3 {[%emt 0:00:09] [#]} Nd3 $1 24. Nxd3 Qxf3 25. Be3 Qxe4 26. Nc5 Qf3 27. Bd4 Qxc3 28. Bxc3 f6 29. f4 exf4 30. gxf4 Kf7 {[%emt 0:00:12] Prevents Re7+.} 31. Rd1 (31. Ne4 $17 {is a better defense.}) 31... Ra7 (31... Bf8 $1 $19 32. Rd7+ Be7) 32. Rd6 {[%emt 0:00:20] [#]} Re7 (32... f5 $1 $17 33. Bxg7 Kxg7 34. Rd7+ Rxd7 35. Nxd7 Kf7) 33. Kf2 $15 f5 34. Bxg7 Kxg7 {[%emt 0:00:01][%mdl 4096] Endgame KRB-KRN} 35. Ne6+ (35. Rd7 $1 $11 Kf7 36. Rxe7+ Kxe7 37. Ke3) 35... Kh6 $17 36. Nd4 {[%emt 0:00:06] [#] Black must now prevent Nxf5+.} Kh5 $1 {[%emt 0:01:02] ...Kg4 is the strong threat.} 37. Nxc6 Bxc6 38. Rxc6 {[%emt 0:00:05] KR-KR} Re4 {[%emt 0:00:10] Inhibits Rc4.} 39. Kg3 Rxb4 40. Rc3 {[%emt 0:00:00] Prevents Rb3.} Rb1 41. h3 h6 42. Ra3 Rf1 43. Rb3 Rg1+ 44. Kf2 Ra1 {[%emt 0:00:19] Threatens to win with ...Kh4.} 45. Kg3 Rf1 46. Ra3 Rc1 47. Rb3 Rc4 48. Ra3 Re4 49. Rb3 Re6 50. Ra3 Rd6 51. Rb3 g5 52. fxg5 hxg5 {[%emt 0:00:20] aiming for ...f4+.} 53. Rb8 f4+ (53... Kg6 $17 54. Rb3 Kh5) 54. Kg2 $11 {[%emt 0:00:29] The position is equal.} Kg6 55. Rf8 $1 Rd5 56. Kf3 Rd3+ 57. Kg2 Rg3+ 58. Kh2 Kg7 59. Rf5 Kg6 60. Rf8 Re3 61. h4 Rg3 62. hxg5 Kxg5 63. Rg8+ Kf5 64. Rxg3 fxg3+ 65. Kxg3 {[%emt 0:00:04] Black had all chances to win.  Weighted Error Value: White=0.10 (very precise) /Black=0.08 (flawless)} 1/2-1/2

[Event "Croatian 1A League 2022"]
[Site "Porec"]
[Date "2022.09.30"]
[Round "7.6"]
[White "Srbis, Jurica"]
[Black "Cotic, Borna"]
[Result "1-0"]
[ECO "B49"]
[WhiteElo "2442"]
[BlackElo "2133"]
[Annotator "TA"]
[PlyCount "83"]
[EventDate "2022.09.24"]
[EventType "team-tourn"]
[EventCountry "CRO"]
[SourceTitle "playchess.com"]
[Source "ChessBase"]
[SourceQuality "1"]
[TimeControl "40/5400+30:1800+30"]

1. e4 c5 2. Nf3 e6 3. d4 cxd4 4. Nxd4 Nc6 5. Nc3 Qc7 6. Be2 a6 7. O-O Nf6 8. Be3 Bb4 9. Na4 Be7 10. Nxc6 bxc6 11. Nb6 Rb8 12. Nxc8 Qxc8 13. Bd4 c5 14. Be5 Rb6 15. Qd3 d6 {[%emt 0:02:08] B49: Sicilian: Taimanov: 5 Nc3 Qc7 6 Be3 a6 7 Be2.} 16. Bc3 O-O 17. b3 Nd7 {[%emt 0:21:14] White is slightly better.} 18. Rad1 Bf6 19. Ba5 Rc6 20. Qg3 Be7 {[%emt 0:15:29] [#]} 21. Kh1 $146 {[%emt 0:06:17] White is much more active. The black rooks are badly placed.} ({Predecessor:} 21. Bc3 g6 22. f4 c4 23. b4 Qb7 24. f5 e5 25. fxg6 hxg6 26. Bd2 Nf6 27. Qf3 {1-0 (44) Brkic,A (2427)-Braun,A (2455) Zemplinska Sirava 2004}) 21... Nf6 22. Bc3 {[%emt 0:02:16] A strong pair of Bishops.} Rd8 23. Bc4 Qc7 24. f4 Ne8 (24... g6 $16) 25. f5 e5 26. Bd5 Nf6 27. Qf3 c4 28. Bxc6 ({Don't do} 28. Bxc4 $6 Rxc4 29. bxc4 Qxc4 $16) 28... Qxc6 29. Rfe1 Rc8 30. Bd2 Nd7 31. Be3 a5 32. Bf2 a4 33. b4 c3 34. a3 Bg5 35. Be3 {[%emt 0:01:09] Inhibits Bd2.} Be7 36. Bc1 Qc4 37. Qd3 Qa2 38. Qa6 Rd8 39. Qxa4 Nb6 $2 {[%emt 0:00:33] [#]} (39... Kf8 40. Rd3 Qc4) 40. Qa7 {[%emt 0:00:00] White is clearly winning.} Nc8 41. Qf2 f6 42. Rd3 {[%emt 0:04:03] Black did not feel at home in the position after the opening.  Weighted Error Value: White=0.14 (very precise) /Black=0.20 (precise)} 1-0

[Event "Croatian 1A League 2022"]
[Site "Porec"]
[Date "2022.09.30"]
[Round "7.7"]
[White "Kozul, Zdenko"]
[Black "Vavulin, Maxim"]
[Result "0-1"]
[ECO "A62"]
[WhiteElo "2549"]
[BlackElo "2550"]
[Annotator "TA"]
[PlyCount "136"]
[EventDate "2022.09.24"]
[EventType "team-tourn"]
[EventCountry "CRO"]
[SourceTitle "playchess.com"]
[Source "ChessBase"]
[SourceQuality "1"]
[TimeControl "40/5400+30:1800+30"]

1. d4 Nf6 2. c4 e6 3. g3 c5 4. d5 exd5 5. cxd5 d6 6. Nc3 g6 7. Bg2 Bg7 8. Nf3 O-O 9. O-O Na6 10. Re1 Nc7 11. a4 (11. e4 {looks sharper.} Bg4 12. Bf4 Nh5 13. Be3) 11... a6 {[%emt 0:00:44] A62: Modern Benoni: Fianchetto Variation without early ...Nbd7.} 12. h3 Rb8 13. e4 Nd7 {[%emt 0:09:21] Inhibits e5. White is slightly better.} 14. Bf4 {[%emt 0:04:36] [#]} Ne8 $146 ({Predecessor:} 14... Ne5 15. Nxe5 dxe5 16. Be3 Qd6 17. a5 Bd7 18. Qc2 Rfc8 19. Rec1 Bf8 20. f4 f6 {1-0 (38) Blees,A (2400)-Carlier,B (2385) Rotterdam 1990}) 15. Bf1 h6 16. h4 Ndf6 17. e5 Nh5 18. e6 (18. Be3 $14) 18... Qe7 $1 $11 (18... Nxf4 $2 19. e7 Qb6 20. exf8=B Kxf8 21. gxf4 $18) 19. Qd2 (19. exf7+ $2 Qxf7 20. Ne2 Bxb2 $17) (19. Bd2 $11 {keeps the balance.}) 19... Nxf4 20. gxf4 fxe6 21. dxe6 {[%emt 0:01:15] Nd5 is the strong threat.} Nc7 (21... Bxe6 22. Bc4 Nc7 23. Rxe6 Nxe6 24. Re1 $14) 22. Bc4 Bxc3 (22... Bxe6 23. Rxe6 Nxe6 24. Re1 $16) (22... Nxe6 23. Qe3 $14) 23. bxc3 b5 ({Don't play} 23... Bxe6 24. Rxe6 Nxe6 25. Re1 $16) (23... Nxe6 24. Re2 Rf6 25. Rae1 $16) 24. axb5 axb5 25. Bd3 Bb7 (25... Nxe6 $5 26. Bxg6 Qg7 27. Qxd6 Nxf4 $15) 26. Be4 Qxe6 (26... Nxe6 $2 27. Ra7 Rf6 28. Bd5 $18) 27. f5 Qf6 (27... gxf5 $2 28. Bxb7 Qg6+ 29. Kh2 $18) 28. Ra7 $2 (28. Bxb7 $11 {and White has nothing to worry.} Rxb7 29. Qxh6) 28... Bxe4 $19 29. Rxe4 Rf7 (29... Qxf5 $19 30. Qe3 Rf7) 30. Rg4 $15 Qxf5 31. Rg3 {[%emt 0:00:06] [#]} Kh7 (31... Ne6 $1 $17 32. Rxf7 Kxf7 33. Qxh6 Ke7 34. Rxg6 Rf8) 32. Qxd6 Rc8 33. Qc6 Kg7 (33... Rg7 $1 $15 {was preferrable.} 34. Nd2 {[#]} Rf8 $1) 34. Rb7 $11 Kh7 35. Kh2 (35. Ra7 $11) 35... Rg7 $1 $15 36. Kg1 Qd5 37. Qb6 (37. Rb6 $11) 37... Qd1+ (37... Qe4 $17 38. Nd2 Qf5) 38. Kg2 $11 Qd5 (38... Qd7 $11) 39. Kg1 $1 $17 Qh5 ({Better is} 39... c4 $17) 40. Qf6 (40. Qd6 $11) 40... Qf5 (40... Re8 $15) 41. Qe5 Rf7 42. Qd6 Rd7 {[%emt 0:02:00] Really sharp!} 43. Qc6 Rg7 $36 {[%emt 0:01:28][%mdl 2048] Black has good play.} 44. Qd6 Ne8 45. Rxg7+ Nxg7 46. Ne5 Re8 47. Ng4 {[%emt 0:04:13] Black continues to play with concentration.} ({Wrong is} 47. Qxg6+ $2 Qxg6 48. Nxg6 Nf5 $19) ({Only move:} 47. Re3 $1 $15) 47... Rf8 {[%emt 0:03:38] Strongly threatening ...h5.} 48. Qd2 Qf4 (48... h5 $19 {is more deadly.} 49. Ne3 Qb1+ 50. Nf1 Re8) 49. Ne3 (49. Qxf4 $17 Rxf4 50. Ne5) 49... Qxh4 50. Ng4 Nf5 {[%emt 0:02:08] Prevents Qd6.} 51. Qd7+ Qe7 52. Qxe7+ Nxe7 $19 {[%emt 0:00:02][%mdl 4096] Endgame KRN-KRN} 53. Rd3 h5 54. Rd7 $2 (54. Ne5 Kg7 55. Rd7) 54... hxg4 {[%emt 0:01:09] Black is clearly winning.} 55. Rxe7+ {[%emt 0:00:05] KR-KR} Kh6 56. Rc7 c4 ({Inferior is} 56... b4 57. Rxc5 bxc3 58. Rxc3 $11) 57. Rb7 Rf5 58. Kg2 Kg5 59. Rb6 Rd5 60. Kf1 Kf5 61. Rb8 Kf4 62. Rb6 g5 63. Kg2 Ke4 64. Re6+ Kd3 65. Re3+ Kd2 66. Kf1 b4 67. cxb4 c3 68. Re2+ Kc1 {[%emt 0:00:06] Weighted Error Value: White=0.53/Black=0.29 (precise)} 0-1

[Event "Croatian 1A League 2022"]
[Site "Porec"]
[Date "2022.09.30"]
[Round "7.8"]
[White "Fercec, Nenad"]
[Black "Stevic, Hrvoje"]
[Result "1/2-1/2"]
[ECO "C60"]
[WhiteElo "2403"]
[BlackElo "2565"]
[Annotator "TA"]
[PlyCount "67"]
[EventDate "2022.09.24"]
[EventType "team-tourn"]
[EventCountry "CRO"]
[SourceTitle "playchess.com"]
[Source "ChessBase"]
[SourceQuality "1"]
[TimeControl "40/5400+30:1800+30"]

1. e4 e5 2. Nf3 Nc6 3. Bb5 g6 4. O-O Bg7 5. c3 a6 6. Ba4 b5 7. Bc2 d6 $1 {[%emt 0:00:52] 7...d6 scores better than 7...Nge7.} 8. h3 Nf6 9. d4 {[%emt 0:00:20] C60: Ruy Lopez: Unusual Black 3rd moves and 3...g6.} exd4 10. cxd4 O-O 11. Nc3 Bb7 12. Bg5 h6 13. Bh4 Re8 14. Re1 g5 15. Bg3 b4 {[%emt 0:00:10] [#]} (15... Na5 $11 {remains equal.}) 16. Nb1 $146 (16. Na4 $16) ({Predecessor:} 16. Na4 Ne7 17. a3 a5 18. d5 Ng6 19. Nd4 Nxd5 20. Nf5 Ndf4 21. Nxg7 Kxg7 22. axb4 axb4 {0-1 (64) Sevian,S (2647)-Dreev,A (2670) Chess.com INT 2019}) 16... Nh5 17. Bh2 Nf4 18. Bxf4 gxf4 19. Ba4 Qf6 20. Nbd2 Re7 {[%emt 0:03:28] [#]} (20... Nxd4 $16 21. Bxe8 Rxe8) 21. e5 $1 $18 dxe5 22. Ne4 Qf5 23. Nc5 {[%emt 0:04:02] Pair of Knights!} Na5 24. Nxb7 (24. Nxe5 $6 Bxe5 25. dxe5 Rxe5 26. Rxe5 Qxe5 $16) (24. dxe5 $6 Bxf3 25. Qxf3 c6) 24... Nxb7 25. Bc6 (25. Nxe5 Bxe5 26. dxe5 Rxe5 $14) 25... Rb8 26. dxe5 {[%emt 0:01:33] Black must now prevent Nd4.} Nd8 27. Be4 Qd7 28. Qc1 Rb5 (28... Ne6 $16 {might work better.} 29. Bf5 Rb5 30. Bxe6 Rxe6) 29. Qxf4 Ne6 30. Qh4 {[%emt 0:01:48] Rad1 is the strong threat.} Ng5 {[%emt 0:01:10] [#]} 31. Rad1 $1 ({Resist} 31. Nxg5 $6 hxg5 32. Bh7+ (32. Qxg5 Rbxe5 33. Qh4 Kf8 $14) 32... Kf8 33. Qxg5 Rbxe5 34. Rxe5 Rxe5 $14) 31... Qe8 32. Nxg5 {[%emt 0:03:04] White is more active.} (32. Rd3 $142) 32... hxg5 $16 33. Qh7+ ({Avoid the trap} 33. Qxg5 $2 Rbxe5 34. Bh7+ Kxh7 $19) 33... Kf8 34. Bf3 {[%emt 0:03:02] Weighted Error Value: White=0.17 (very precise) /Black=0.21 (precise)} (34. Bd5 $1 $14) 1/2-1/2

[Event "Croatian 1A League 2022"]
[Site "Porec"]
[Date "2022.09.30"]
[Round "7.9"]
[White "Palac, Mladen"]
[Black "Krsnik Cohar, Ivan Vihor"]
[Result "1/2-1/2"]
[ECO "A80"]
[WhiteElo "2516"]
[BlackElo "2296"]
[Annotator "TA"]
[PlyCount "128"]
[EventDate "2022.09.24"]
[EventType "team-tourn"]
[EventCountry "CRO"]
[SourceTitle "playchess.com"]
[Source "ChessBase"]
[SourceQuality "1"]
[TimeControl "40/5400+30:1800+30"]

1. d4 f5 2. Bg5 Nf6 3. Bxf6 exf6 4. e3 d5 5. c4 dxc4 6. Bxc4 {[%emt 0:00:24] A80: Dutch Defence: Unusual White second moves.} Bd6 7. Nc3 c6 {[%emt 0:01:17] [#]} 8. Qf3 $146 {[%emt 0:08:18] White is better.} ({Predecessor:} 8. Nge2 Nd7 9. Qc2 Nb6 10. Bd3 g6 11. h4 Be6 12. h5 Ke7 13. Kf1 Qd7 14. Re1 Nd5 15. a3 Rae8 16. e4 fxe4 17. Nxe4 {½-½ (17) Omorjan,D (2339)-Popchev,M (2200) Novi Sad 2022}) 8... Nd7 9. Qxf5 {[%emt 0:10:36] White is more active.} Ne5 10. Qh5+ ({Don't go for} 10. Qe4 $2 f5 11. Qxe5+ Bxe5 12. dxe5 f4 13. exf4 Qd4 $19) 10... g6 11. Qe2 Nxc4 12. Qxc4 Qe7 13. Nf3 Be6 14. Qa4 O-O 15. O-O g5 ({Black should try} 15... Bg4 $14) 16. Rfe1 Qc7 17. d5 cxd5 18. Nd4 (18. Rad1 $16) 18... Bf7 $14 19. Ndb5 Bxh2+ {[%emt 0:00:49] This bishop pair is nice.} 20. Kh1 $1 Qb8 21. g3 Bxg3 22. fxg3 Qxg3 23. Qc2 Rfe8 24. Qg2 {[%emt 0:10:10] Really sharp!} Qh4+ 25. Qh2 Qxh2+ 26. Kxh2 {[%emt 0:00:02] aiming for Nc7.} Re5 27. Kg2 a6 28. Nd4 Rae8 29. Kf2 h5 30. Nf3 Rf5 {[%emt 0:03:17] Strongly threatening ...g4.} 31. Ne2 $1 g4 {[%emt 0:06:38][%mdl 64] Pin} 32. Ned4 Rxf3+ 33. Nxf3 gxf3 34. Kxf3 {[%emt 0:03:36][%mdl 4096] Endgame KRR-KRB} Be6 35. Rac1 {[%emt 0:00:22][%mdl 1024] White has compensation.} Re7 {[%emt 0:01:12] Inhibits Rc7.} 36. Rh1 Bg4+ 37. Kf2 Kf7 38. Rc5 d4 39. exd4 Re2+ 40. Kg3 Rxb2 41. Re1 Rd2 42. Rc7+ Kg6 43. Rxb7 Rd3+ 44. Kf4 Rxd4+ 45. Re4 Rd3 46. Ree7 $2 (46. Rb3 $11 Rd5 47. Ra3) 46... Rf3+ $1 $17 47. Ke4 {[%emt 0:00:02] White threatens Rg7+ and mate.} Kg5 48. Rb3 (48. Kd4 $17 {keeps fighting.}) 48... Rf2 $1 $19 49. Rg7+ {[%emt 0:01:19] [#]} Kh6 $2 (49... Kh4 $1 $19 {Hoping for ...f5+.} 50. Rb1 Kg3) 50. Ra7 Rxa2 51. Rb6 Rf2 {[%emt 0:01:12] White must now prevent ...Kg5.} 52. Rbxa6 Kg5 {[%emt 0:00:45] And now ...f5+ would win.} 53. Ra2 f5+ 54. Ke5 Rf3 55. R2a3 {[%emt 0:00:50] Against Re3+} Rxa3 56. Rxa3 $11 {[%emt 0:00:02] KR-KB} h4 57. Ra1 $1 h3 58. Rh1 f4 59. Rh2 Bc8 {[%emt 0:03:36] Threatens to win with ...f3.} (59... Bf5 $5 60. Rf2 $8 Bg6 $11) 60. Rf2 Bb7 {[%emt 0:00:08] ...Bg2 is the strong threat.} (60... Ba6 $5) 61. Rxf4 h2 62. Rf8 $2 {[%emt 0:01:12][%mdl 8192] [#]} (62. Rf1 $11) 62... Bd5 $2 63. Rh8 h1=Q 64. Rxh1 Bxh1 {Weighted Error Value: White=0.26 (precise) /Black=0.23 (precise)} 1/2-1/2